Map: Triton LE

Players

ShoWTimE

  • Race: Protoss Protoss
  • League: Grandmaster
  • Spawn Location: 5:00

Cure - Winner!

  • Race: Terran Terran
  • League: Master
  • Spawn Location: 11:00

VOD

Have the link to the VOD?

Description

Time

  • Played on: Jan. 14, 2020, 1:18 p.m.
  • Length: 7:28
Show
View Real Time Build Order
Export as new Build Order

ShoWTimE Protoss 

Build Orders: 1 Gate Expand, Oracle Opening 

Get SALT Encoding   

  12  0:00  Probe  
  13  0:12  Probe  
  14  0:17  Pylon  
  14  0:24  Probe (Chrono Boost)  
  15  0:36  Gateway  
  15  0:37  Probe (Chrono Boost)  
  16  0:43  Probe (Chrono Boost)  
  16  0:45  Assimilator  
  17  0:51  Probe  
  18  1:03  Probe  
  19  1:15  Probe  
  20  1:22  Nexus  
  20  1:32  Cybernetics Core  
  20  1:34  Probe  
  21  1:40  Assimilator  
  21  1:46  Probe  
  22  1:50  Pylon  
  22  1:58  Probe  
  23  2:06  Adept (Chrono Boost)  
  23  2:10  Probe  
  26  2:18  Stargate  
  26  2:23  Probe  
  26  2:27  Adept (Chrono Boost)  
  29  2:34  Probe (Chrono Boost)  
  29  2:35  Warp Gate  
  31  2:38  Probe (Chrono Boost)  
  32  2:46  Probe (Chrono Boost)  
  32  2:48  Adept  
  32  2:50  Probe (Chrono Boost)  
  32  2:51  Probe (Chrono Boost)  
  36  2:59  Probe  
  36  3:00  Probe  
  36  3:02  Oracle (Chrono Boost)  
  41  3:11  Probe  
  43  3:12  Probe  
  43  3:15  Pylon  
  43  3:23  Probe, Adept  
  46  3:31  Pylon  
  46  3:33  Probe, Oracle (Chrono Boost)  
  47  3:35  Probe  
  51  3:44  Gateway  
  51  3:45  Probe, Gateway  
  51  3:47  Probe  
  53  3:57  Probe  
  53  3:59  Probe  
  55  4:06  Pylon  
  55  4:09  Probe  
  56  4:11  Probe  
  56  4:13  Nexus  
  57  4:21  Probe, Robotics Facility  
  57  4:23  Assimilator  
  57  4:24  Probe  
  59  4:27  Assimilator  
  59  4:31  Sentry  
  61  4:33  Probe  
  61  4:35  Phoenix  
  61  4:36  Probe  
  65  4:45  Probe  
  65  4:48  Probe, Stalker  
  69  4:55  Pylon  
  69  4:57  Probe  
  69  4:59  Twilight Council  
  70  5:05  Gateway  
  70  5:07  Gateway  
  70  5:11  Robotics Bay  
  70  5:13  Probe x2  
  72  5:16  Zealot  
  72  5:20  Immortal (Chrono Boost)  
  74  5:28  Shield Battery  
  78  5:31  Sentry  
  78  5:32  Zealot  
  78  5:34  Charge (Chrono Boost)  
  82  5:36  Pylon  
  82  5:39  Probe  
  82  5:40  Probe x2  
  85  5:46  Pylon  
  85  5:51  Probe  
  85  5:52  Probe x2  
  89  5:57  Disruptor (Chrono Boost)  
  89  6:00  Zealot x3  
  89  6:02  Pylon  
  97  6:05  Probe x2  
  97  6:06  Probe  
  97  6:10  Shield Battery  
  100  6:13  Pylon  
  100  6:21  Sentry  
  100  6:22  Zealot x3  
  100  6:23  Disruptor (Chrono Boost)  
  111  6:27  Zealot  
  111  6:30  Pylon  
  113  6:32  Shield Battery  
  113  6:43  Zealot x3  
  119  6:49  Disruptor (Chrono Boost)  
  119  6:53  Zealot x2  
  101  7:04  Zealot x3  
  94  7:13  Zealot x2  
Show
View Real Time Build Order
Export as new Build Order

Cure Terran - Winner!

Build Orders: Reaper Expand 

Get SALT Encoding   

  12  0:00  SCV  
  13  0:13  SCV  
  14  0:17  Supply Depot  
  14  0:25  SCV  
  15  0:39  SCV  
  15  0:40  Barracks  
  16  0:43  Refinery  
  16  0:51  SCV  
  17  1:03  SCV  
  18  1:15  SCV  
  19  1:27  Orbital Command  
  19  1:28  Reaper  
  20  1:42  Command Center  
  20  1:53  SCV  
  21  1:55  Barracks  
  21  2:00  Barracks Reactor  
  21  2:05  SCV  
  22  2:10  Supply Depot  
  22  2:14  Refinery  
  22  2:17  SCV  
  23  2:27  Factory  
  23  2:32  SCV  
  24  2:38  Marine x2  
  24  2:42  Barracks Tech Lab  
  24  2:44  SCV  
  27  2:53  Orbital Command  
  27  2:56  Marine x2  
  29  2:59  SCV  
  29  3:04  Marine  
  31  3:11  SCV  
  32  3:16  Stimpack  
  32  3:20  Starport  
  32  3:22  SCV  
  32  3:24  SCV  
  32  3:27  Factory Reactor  
  33  3:28  Marine  
  33  3:29  Marine  
  33  3:31  Marine  
  36  3:35  SCV  
  36  3:36  SCV  
  36  3:39  Supply Depot  
  38  3:46  Marine  
  38  3:47  Marine  
  41  3:48  SCV x2  
  41  3:49  Marine  
  41  3:54  Supply Depot  
  43  4:02  SCV x2  
  45  4:05  Marine x2  
  45  4:07  Marine  
  48  4:10  Medivac x2  
  48  4:14  SCV x2  
  48  4:16  Supply Depot  
  54  4:21  Factory Tech Lab  
  54  4:24  Engineering Bay  
  54  4:25  Marine x3  
  54  4:28  SCV  
  54  4:29  SCV  
  59  4:37  Refinery  
  59  4:38  Supply Depot  
  59  4:40  SCV  
  59  4:41  SCV  
  59  4:43  Siege Tank  
  64  4:48  Marine  
  64  4:49  Marine x2  
  64  4:50  Terran Infantry Weapons Level 1  
  67  4:53  SCV x2  
  69  5:01  Barracks  
  69  5:03  Combat Shield  
  69  5:05  SCV x2  
  71  5:07  Missile Turret  
  71  5:08  Marine x3  
  74  5:14  Supply Depot  
  74  5:16  Missile Turret  
  74  5:20  Siege Tank  
  77  5:23  SCV  
  77  5:27  Supply Depot  
  78  5:36  Marine x3, SCV, Medivac  
  78  5:37  Supply Depot  
  78  5:41  SCV  
  85  5:45  Supply Depot  
  87  5:54  Marine x2, Marauder  
  94  6:00  Supply Depot  
  94  6:01  SCV x2  
  91  6:06  Concussive Shells  
  91  6:07  Widow Mine x2, Marauder  
  91  6:09  Starport Reactor  
  97  6:11  Marine  
  97  6:12  Marine  
  96  6:20  Marauder  
  96  6:21  Supply Depot  
  96  6:23  Supply Depot  
  98  6:28  Marauder  
  98  6:30  Widow Mine x2  
  104  6:33  Marine x2  
  106  6:41  Marauder  
  106  6:42  SCV x2  
  106  6:43  Command Center  
  109  6:49  Marauder  
  110  6:56  Marine x2  
  106  7:02  Marauder  
  106  7:04  Widow Mine x2  
  106  7:08  SCV x2  
  96  7:25  Barracks, Refinery  
  98  7:26  Barracks  
Tags
 
Add a new tag
Caveats
  • Supply blocks, unpowered buildings, or Contaminate may cause inaccurate times.
  • Supply counts are checked every 10 seconds.